 Dungeon Crawl Stone Soup version 0.28-a0-1510-gd0f6b136d3 (webtiles) character file.

Game seed: 15117535471637794077

492 a3don the Digger (level 6, -1/57 HPs)
             Began as a Troll Earth Elementalist on Jan 16, 2022.
             Was an Initiate of Vehumet.
             Succumbed to a killer bee's poison
             ... on level 4 of the Dungeon.
             The game lasted 00:08:31 (2771 turns).

a3don the Digger (Troll Earth Elementalist)         Turns: 2771, Time: 00:08:32

Health: -1/57      AC:  4    Str: 23    XL:     6   Next: 91%
Magic:  3/8        EV:  9    Int: 13    God:    Vehumet [......]
Gold:   172        SH:  0    Dex: 10    Spells: 3/9 levels left

rFire   . . .      SeeInvis .     - Unarmed
rCold   . . .      Faith    .   (no shield)
rNeg    . . .      Spirit   .   b - +0 robe
rPois   .          Reflect  .   (helmet restricted)
rElec   .          Harm     .   (no cloak)
rCorr   .          Rampage  .   (gloves unavailable)
Will    .....                   (boots unavailable)
Stlth   +.........              (no amulet)
HPRegen 0.99/turn               p - +6 ring of strength
MPRegen 0.11/turn               (no ring)

@: lethally poisoned (-1 -> -28), very slightly contaminated
A: large, unfitting armour, claws 3, regeneration 1, shaggy fur 1, tough skin 1
a: Renounce Religion


You were on level 4 of the Dungeon.
You worshipped Vehumet.
Vehumet was noncommittal.
You visited 1 branch of the dungeon, and saw 5 of its levels.

You collected 172 gold pieces.

Inventory:

Hand Weapons
 i - a +0 flail of protection
 s - a +0 giant spiked club
Missiles
 c - 136 stones
 j - 2 boomerangs
 m - 5 poisoned darts (quivered)
 n - 3 javelins
 r - 19 sling bullets
Armour
 b - a +0 robe (worn)
Magical Staves
 f - a staff of air
Jewellery
 k - a ring of fire
 p - a +6 ring of strength (left claw)
Wands
 q - a wand of flame (18)
Scrolls
 a - 4 scrolls of identify
 d - 2 scrolls of fog {unknown}
 e - 2 scrolls of noise
 g - a scroll of magic mapping {unknown}
 h - a scroll of enchant weapon {unknown}
 o - a scroll of enchant armour {unknown}
Potions
 l - a potion of heal wounds {unknown}


   Skills:
 + Level 2.1 Fighting
 - Level 1.5 Dodging
 - Level 1.0 Stealth
 * Level 3.6 Unarmed Combat
 + Level 2.0 Spellcasting
 + Level 1.6 Conjurations
 + Level 2.0 Transmutations
 + Level 3.6 Earth Magic


You had 3 spell levels left.
You knew the following spells:

 Your Spells              Type           Power      Damage    Failure   Level
a - Sandblast             Erth           20%        2d7       5%          1
b - Stone Arrow           Conj/Erth      16%        3d8       26%         3
c - Passwall              Tmut/Erth      6%         N/A       12%         2

Your spell library contained the following spells:

 Spells                   Type           Power      Damage    Failure   Level
 Shock                    Conj/Air       12%        1d3       19%         1
 Ignite Poison            Fire/Tmut/Pois 3%         N/A       50%         3
 Mephitic Cloud           Conj/Pois/Air  2%         N/A       52%         3
 Petrify                  Tmut/Erth      8%         N/A       61%         4
 Freezing Cloud           Conj/Ice/Air   1%         6-21      99%         5


Dungeon Overview and Level Annotations

Branches:
Dungeon (5/15)             Temple (0/1) D:4

Altars:
Dithmenos
Elyvilon
Nemelex Xobeh
Vehumet

Annotations:
D:4 2 transporters


Innate Abilities, Weirdness & Mutations

You are too large for most types of armour.
You have claws for hands.
Your natural rate of healing is unusually fast.
You are covered in fur. (AC +1)
You have tough skin. (AC +1)


Message History

Casting: Sandblast (safe; 5% risk of failure)
Confirm with . or Enter, or press ? or * to list all spells.
Aiming: Sandblast (safe; 5% risk of failure)
Press: ? - help, Shift-Dir - straight line, f/p - killer bee
Aim: a killer bee (moderately wounded, 58% to hit)
You miscast Sandblast.
You are very lightly contaminated with residual magic.
Nothing appears to happen.
You feel sick. The killer bee stings you!
You are more poisoned.
The killer bee poisons you! The killer bee stings you.
You are more poisoned.
The killer bee poisons you! The killer bee stings you.
You are lethally poisoned!
The killer bee poisons you! The killer bee barely misses you.
Casting: Sandblast (safe; 5% risk of failure)
Confirm with . or Enter, or press ? or * to list all spells.
Aiming: Sandblast (safe; 5% risk of failure)
Press: ? - help, Shift-Dir - straight line, f/p - killer bee
Aim: a killer bee (moderately wounded, 58% to hit)
The blast of sand hits the killer bee!
The killer bee is severely wounded.
c - 137 stones
* * * LOW HITPOINT WARNING * * *
You feel extremely sick. The killer bee stings you.
* * * LOW HITPOINT WARNING * * *
You are more poisoned.
The killer bee poisons you! The killer bee stings you.
* * * LOW HITPOINT WARNING * * *
The killer bee stings you but does no damage.
The killer bee barely misses you.
Casting: Sandblast (safe; 5% risk of failure)
Confirm with . or Enter, or press ? or * to list all spells.
Aiming: Sandblast (safe; 5% risk of failure)
Press: ? - help, Shift-Dir - straight line, f/p - killer bee
Aim: a killer bee (severely wounded, 58% to hit)
The blast of sand hits the killer bee.
The killer bee is almost dead.
c - 136 stones You die...

#.# #...# ###.......#..........
#.# #...# #.......#.#.#####..
#.# #...# #.......#.#.# #.. #.#
#...#####.......#.#.######. #.#
#...##....................# #.#
##########.####.#.#.#####.. #.#
#.# #.#.#........ #.# #y#
#.#.######..# #.# #@# #.#.#
#.†# #.# #y####.#.# #..# #.#
### #........# #..# #.#
#.#############.######..# #.#
#...................<...#
#.#####.#############.........#
#.......# ########### #.#######
# #.# #


You could see 2 killer bees.

Vanquished Creatures
  A water moccasin (D:4)
  A necrophage (D:4)
  An ogre (D:4)
  A killer bee (D:4)
  A jelly (D:4)
  An orc priest (D:4)
  4 adders
  A worm (D:4)
  2 dart slugs (D:1)
  7 orcs (D:4)
  5 endoplasms
  4 giant cockroaches
  10 goblins
  4 hobgoblins
  4 jackals (D:2)
  3 quokkas
  5 ball pythons
  10 bats
  4 frilled lizards
  6 kobolds
  5 rats
80 creatures vanquished.

Notes
Turn   | Place    | Note
-------+----------+-------------------------------------------
     0 | D:1      | a3don the Troll Earth Elementalist began the quest for the
                  | Orb.
     0 | D:1      | Reached XP level 1. HP: 16/16 MP: 1/1
   108 | D:1      | Reached XP level 2. HP: 18/24 MP: 3/3
   198 | D:1      | Reached skill level 1 in Unarmed Combat
   205 | D:1      | Reached skill level 1 in Transmutations
   260 | D:1      | Found a faded altar of an unknown god.
   277 | D:1      | Reached XP level 3. HP: 29/32 MP: 4/4
   284 | D:1      | Got Plato's Reference Book on Feathers
   292 | D:1      | Learned a level 3 spell: Stone Arrow
   826 | D:2      | Reached skill level 1 in Fighting
  1111 | D:2      | Reached XP level 4. HP: 41/41 MP: 5/5
  1150 | D:2      | Learned a level 2 spell: Passwall
  1701 | D:4      | Noticed a necrophage
  1711 | D:4      | Killed a necrophage
  1712 | D:4      | Reached XP level 5. HP: 44/48 MP: 3/6
  1798 | D:4      | HP: 1/48 [orc/boomerang (3)]
  1837 | D:4      | Reached skill level 1 in Conjurations
  1882 | D:4      | Found a radiant altar of Vehumet.
  1918 | D:4      | Became a worshipper of Vehumet
  2038 | D:4      | Found a staircase to the Ecumenical Temple.
  2072 | D:4      | Found a white marble altar of Elyvilon.
  2217 | D:4      | Found a shadowy altar of Dithmenos.
  2256 | D:4      | Reached XP level 6. HP: 55/57 MP: 7/7
  2368 | D:4      | Noticed a water moccasin
  2375 | D:4      | Killed a water moccasin
  2420 | D:4      | Found a transporter.
  2495 | D:4      | Found a transporter.
  2501 | D:4      | Found a sparkling altar of Nemelex Xobeh.
  2677 | D:5      | Entered Level 5 of the Dungeon
  2771 | D:4      | Succumbed to a killer bee's poison

Illustrated notes

Levels and vault maps discovered:
D:1:      psy_arrival_terrarium, layout_rooms,
          shapermc_ecumenical_altar_rom_forum, minmay_hexomino_p4
D:2:      layout_loops_ring
D:3:      layout_rooms
D:4:      layout_basic, nicolae_vehumet_altar_sigil, elyvilon_altar_4,
          gammafunk_temple_overflow_arena, mainiacjoe_overflow_paths,
          minmay_temple_entry_from_below_a
D:5:      layout_loops_ring, uniq_menkaure

Skill      XL: |  1  2  3  4  5  6 |
---------------+-------------------+-----
Unarmed Combat | 1 2 3 |  3.6
Transmutations | 1 2 |  2.0
Earth Magic    | 3 |  3.6
Fighting       | 1 2 |  2.1
Conjurations   | 1 |  1.6
Spellcasting   | 2 |  2.0
Dodging        | |  1.5
Stealth        | |  1.0

Action                   |  1- 3 |  4- 6 || total
-------------------------+-------+-------++-------
Melee: Unarmed           |   137 |   113 ||   250
       Punch             |     1 |     1 ||     2
       Giant spiked club |       |     3 ||     3
Throw: Dart              |       |     2 ||     2
 Cast: Sandblast         |       |    16 ||    16
  Use: Potion            |       |     3 ||     3
       Scroll            |       |     1 ||     1
 Stab: Sleeping          |     1 |       ||     1
       Distracted        |       |     1 ||     1
Armor: Robe              |    59 |    29 ||    88
Dodge: Dodged            |    69 |    75 ||   144

Table legend: (Time is in decaauts)
 A = Elapsed time spent in this place.
 B = Non-inter-level travel time spent in this place.
 C = Inter-level travel time spent in this place.
 D = Time resting spent in this place.
 E = Time spent auto-exploring this place.
 F = Levels seen in this place.
 G = Mean time per level.
                   A        B        C        D        E       F      G
               +--------+--------+--------+--------+--------+-----+--------+
         Total |   2764 |   2671 |     93 |    103 |   1854 |   5 |  552.8 |
       Dungeon |   2764 |   2671 |     93 |    103 |   1854 |   5 |  552.8 |
               +--------+--------+--------+--------+--------+-----+--------+

Top non-repeatable levels by time:
     D:4: 1056 daAuts
     D:2: 618 daAuts
     D:1: 571 daAuts
     D:3: 506 daAuts
     D:5: 11 daAuts
